 Dungeon Crawl Stone Soup version 0.28-a0-925-gd5e1996cdb (webtiles) character file.

Game seed: 5045325626602340130

8547 bearlyready the Quickloader (level 11, -9/86 HPs)
             Began as a Gnoll Hunter on Nov 26, 2021.
             Was a High Priest of Okawaru.
             Mangled by a two-headed ogre (29 damage)
             ... on level 10 of the Dungeon.
             The game lasted 00:23:35 (13121 turns).

bearlyready the Quickloader (Gnoll Hunter)         Turns: 13121, Time: 00:23:36

Health: -9/86      AC: 11    Str: 19    XL:     11   Next: 32%
Magic:  20/20      EV: 14    Int: 11    God:    Okawaru [*****.]
Gold:   751        SH:  5    Dex: 14    Spells: 22/22 levels left

rFire   . . .      SeeInvis .   b - +1 scimitar (venom)
rCold   . . .      Faith    .   (no shield)
rNeg    . . .      Spirit   .   k - +0 ring mail
rPois   .          Reflect  +   (no helmet)
rElec   .          Harm     .   I - +0 cloak
rCorr   .          Rampage  .   t - +0 pair of gloves
Will    .....                   e - +1 pair of boots
Stlth   +++.......              G - amulet of reflection
HPRegen 0.24/turn               i - +4 ring of slaying
MPRegen 0.17/turn               L - +6 ring of strength

@: no status effects
A: fangs 1, strong nose, distributed training
a: Renounce Religion, Heroism, Finesse, Duel


You were on level 10 of the Dungeon.
You worshipped Okawaru.
Okawaru was extremely pleased with you.
You visited 2 branches of the dungeon, and saw 11 of its levels.
You also visited: Ossuary.

You collected 751 gold pieces.

Inventory:

Hand Weapons
 a - a +1 vorpal hunting sling
 b - a +1 scimitar of venom (weapon)
 n - a +4 hand axe of freezing
 s - a +1 morningstar of draining
 Q - a +1 hand crossbow
 V - a +2 shortbow of flaming
 W - a +2 mace of holy wrath
 Z - a +1 dagger of pain
Missiles
 d - 73 bolts
 f - 152 stones
 h - 12 poisoned darts (quivered)
 l - 87 sling bullets
 o - 118 arrows
 D - 9 boomerangs
 S - 5 curare-tipped darts
 Y - 5 javelins
Armour
 c - a +0 leather armour
 e - a +1 pair of boots (worn)
 k - a +0 ring mail (worn)
 t - a +0 pair of gloves (worn)
 I - a +0 cloak (worn)
Jewellery
 g - a ring of poison resistance
 i - a +4 ring of slaying (left hand)
 j - a ring of magical power
 p - an amulet of the acrobat
 q - a ring of protection from fire
 F - a ring of protection from cold
 G - an amulet of reflection (around neck)
 K - a ring of ice
 L - a +6 ring of strength (right hand)
 T - a ring of see invisible
 U - a +4 ring of protection
Wands
 H - a wand of polymorph (2)
Scrolls
 x - 2 scrolls of enchant armour
 y - a scroll of amnesia
 A - a scroll of teleportation
Potions
 m - 5 potions of curing
 r - a potion of mutation
 u - 3 potions of magic
 v - 4 potions of degeneration
 w - a potion of heal wounds
 z - a potion of brilliance
 B - a potion of ambrosia
 C - 3 potions of flight
 E - 3 potions of attraction
 J - a potion of haste
 N - a potion of might
 R - a potion of resistance
 X - a potion of invisibility


   Skills:
 + Level 7.8 Fighting
 + Level 6.2 Short Blades
 + Level 6.2 Long Blades
 + Level 6.2 Axes
 + Level 6.2 Maces & Flails
 + Level 6.2 Polearms
 + Level 6.2 Staves
 + Level 6.2 Slings
 + Level 6.2 Bows
 + Level 10.5 Crossbows
 + Level 6.2 Throwing
 + Level 6.2 Armour
 + Level 7.8 Dodging
 + Level 6.6 Stealth
 + Level 6.2 Shields
 + Level 6.2 Unarmed Combat
 + Level 6.2 Spellcasting
 + Level 5.1 Conjurations
 + Level 5.1 Hexes
 + Level 5.1 Summonings
 + Level 5.1 Necromancy
 + Level 5.1 Translocations
 + Level 5.1 Transmutations
 + Level 5.1 Fire Magic
 + Level 5.1 Ice Magic
 + Level 5.1 Air Magic
 + Level 5.1 Earth Magic
 + Level 5.1 Poison Magic
 + Level 6.8 Invocations
 + Level 6.2 Evocations


You had 22 spell levels left.
You didn't know any spells.
Your spell library contained the following spells:

 Spells                   Type           Power      Damage    Failure   Level
 Sting                    Tmut/Pois      56%        1d5       3%          1
 Blink                    Tloc           28%        N/A       5%          2
 Poisonous Vapours        Pois/Air       28%        N/A       5%          2
 Frozen Ramparts          Ice            28%        1d4       11%         3
 Inner Flame              Hex/Fire       14%        N/A       11%         3
 Cause Fear               Hex            7%         N/A       36%         4
 Olgreb's Toxic Radiance  Pois           14%        N/A       36%         4
 Orb of Destruction       Conj           7%         9d3       100%        7
 Discord                  Hex            7%         N/A       100%        8
 Polar Vortex             Ice            7%         N/A       100%        9
 Summon Guardian Golem    Hex/Summ       Unusable   N/A       N/A         3
 Malign Gateway           Summ/Tloc      Unusable   N/A       N/A         7
 Spellforged Servitor     Conj/Summ      Unusable   N/A       N/A         7
 Summon Horrible Things   Summ           Unusable   N/A       N/A         8

Dungeon Overview and Level Annotations

Branches:
Dungeon (10/15)            Temple (1/1) D:5            Lair (0/6) D:10
Ossuary (visited)
    Orc: D:9-12

Altars:
Ashenzari
Cheibriados
Dithmenos
Elyvilon
Fedhas
Gozag
Hepliaklqana
Kikubaaqudgha
Makhleb
Nemelex Xobeh
Okawaru
Qazlal
Ru
Sif Muna
Trog
Uskayaw
Vehumet
Wu Jian
Xom
Yredelemnul
Zin
The Shining One

Annotations:
D:5 1 runed translucent door, bande's ghost, novice GrFi
D:6 Sigmund
D:8 3 runed translucent doors, BeingJoeMalik's ghost, novice TeFi


Innate Abilities, Weirdness & Mutations

You have very sharp teeth.
Your uncanny sense of smell can sniff out nearby items.
Your experience applies equally to all skills.


Message History

The stone barely misses the centaur warrior zombie.
The stone hits the two-headed ogre.
The two-headed ogre is lightly wounded.
The gnoll sergeant barely misses you.
The centaur warrior zombie hits you but does no damage.
You block the centaur warrior zombie's attack.
You shoot a stone.
The stone barely misses the centaur warrior zombie.
The stone hits the two-headed ogre.
The two-headed ogre is moderately wounded.
The centaur warrior zombie barely misses you.
The centaur warrior zombie kicks you but does no damage.
The gnoll sergeant completely misses you.
Really attack while wielding your +1 vorpal hunting sling?
Okay, then.
Your +1 scimitar of venom begins to drip with poison!
b - a +1 scimitar of venom (weapon)
The centaur warrior zombie hits you.
The centaur warrior zombie kicks you but does no damage.
You slash the gnoll sergeant!
The gnoll sergeant is poisoned.
Your punch misses the gnoll sergeant. Your bite misses the gnoll sergeant.
The gnoll sergeant is moderately wounded.
You block the gnoll sergeant's attack.
You slash the gnoll sergeant!
The gnoll sergeant looks as sick as possible!
The gnoll sergeant is heavily wounded.
The gnoll sergeant misses you.
You closely miss the gnoll sergeant.
The gnoll sergeant is severely wounded.
The gnoll sergeant barely misses you.
The two-headed ogre hits you with a +0 giant club!!
You block the two-headed ogre's attack.
You slash the two-headed ogre!
The two-headed ogre is poisoned.
You bite the two-headed ogre.
The two-headed ogre is moderately wounded.
The gnoll sergeant hits you with a +0 trident!
The two-headed ogre hits you with a +0 giant club!!
* * * LOW HITPOINT WARNING * * *
The two-headed ogre hits you with a +0 giant spiked club!!
You die...

.... #.#### ###.#.#... .... #.#..
.# #......._. .... #.#.######.#
###.#.#.#... ≈♣.. #.#.'....#.#
#...#.#.##.# ≈♣♣. ##.#.#OT..#.#
#...#.#..... P♣♣.###..#.# ...#.#
+...#.####.# P♣..'....#.# ..'.#
#...#....... ♣♣♣♣♣♣.#.#.######g#
#...######.# ≈♣P♣♣♣.#.#(.(ZTO@.#
##....).....#
≈≈≈≈≈....##'#######.............#
≈≈♣♣P♣#..............############
♣♣♣♣♣♣#....#####..... ♣ ######
### ♣ ♣ ♣ #


You could see a two-headed ogre (very poisoned), a troll, a gnoll sergeant
(extremely poisoned) and a centaur warrior zombie.

Vanquished Creatures
  Erolcha (D:10)
  A two-headed ogre (D:9)
  Sonja (D:10)
  A deep elf pyromancer (D:10)
  Joseph (D:7)
  A troll (D:8)
  Prince Ribbit (D:9)
  A shadow (D:9)
  A wraith (D:10)
  A vampire (D:9)
  4 wyverns
  A vampire mosquito (D:8)
  Menkaure (D:5)
  Edmund (D:4)
  2 water moccasins
  A black bear (D:6)
  4 orc warriors
  An ice beast (D:5)
  A sky beast (D:7)
  An ogre (D:4)
  4 centaurs
  3 bullfrogs
  2 gnoll sergeants
  A scorpion (D:4)
  A water moccasin zombie (D:5)
  A water moccasin skeleton (D:6)
  14 wights
  7 killer bees
  5 electric eels (D:10)
  A howler monkey (D:7)
  A bullfrog zombie (D:5)
  2 centaur zombies
  3 orc priests (D:10)
  Crazy Yiuf (D:4)
  3 hounds
  3 jellies
  A bullfrog skeleton (D:5)
  A scorpion zombie (D:5)
  2 iguanas (D:4)
  4 orc wizards
  A killer bee zombie (D:8)
  A hound zombie (D:5)
  9 mummies
  2 howler monkey zombies (D:8)
  5 gnolls
  A howler monkey skeleton (D:2)
  9 adders
  A shadow imp (D:7)
  3 white imps
  2 ufetubi (D:5)
  An adder skeleton (D:4)
  3 worms
  4 dart slugs
  39 orcs
  3 endoplasms
  2 giant cockroaches
  7 goblins
  3 hobgoblins
  2 jackals (D:3)
  3 quokkas
  7 ball pythons
  5 bats
  3 frilled lizards
  A hobgoblin zombie (Ossuary)
  10 kobolds
  2 kobold zombies
  7 orc zombies
  2 rats
225 creatures vanquished.

Vanquished Creatures (others)
  A jelly (D:8)
  2 orcs
  A fungus (D:4)
  45 plants (D:10)
  4 withered plants (D:5)
53 creatures vanquished.

Grand Total: 278 creatures vanquished

Notes
Turn   | Place    | Note
-------+----------+-------------------------------------------
     0 | D:1      | bearlyready the Gnoll Hunter began the quest for the Orb.
     0 | D:1      | Reached XP level 1. HP: 20/20 MP: 1/1
    93 | D:1      | Reached XP level 2. HP: 26/26 MP: 2/2
   152 | D:1      | You fall into a shaft and drop 1 floor!
   468 | D:1      | Reached XP level 3. HP: 25/31 MP: 3/3
   748 | D:2      | Reached skill level 1 in Invocations
   853 | D:2      | Reached skill level 1 in Short Blades
   853 | D:2      | Reached skill level 1 in Long Blades
   853 | D:2      | Reached skill level 1 in Axes
   853 | D:2      | Reached skill level 1 in Maces & Flails
   853 | D:2      | Reached skill level 1 in Polearms
   853 | D:2      | Reached skill level 1 in Staves
   853 | D:2      | Reached skill level 1 in Slings
   853 | D:2      | Reached skill level 1 in Bows
   853 | D:2      | Reached skill level 1 in Throwing
   853 | D:2      | Reached skill level 1 in Armour
   853 | D:2      | Reached skill level 1 in Shields
   853 | D:2      | Reached skill level 1 in Unarmed Combat
   853 | D:2      | Reached skill level 1 in Spellcasting
   853 | D:2      | Reached skill level 1 in Evocations
   971 | D:2      | Reached XP level 4. HP: 32/38 MP: 5/5
  1484 | D:3      | Found a broken altar of Ashenzari.
  1740 | D:3      | Reached skill level 1 in Conjurations
  1740 | D:3      | Reached skill level 1 in Hexes
  1740 | D:3      | Reached skill level 1 in Summonings
  1740 | D:3      | Reached skill level 1 in Necromancy
  1740 | D:3      | Reached skill level 1 in Translocations
  1740 | D:3      | Reached skill level 1 in Transmutations
  1740 | D:3      | Reached skill level 1 in Fire Magic
  1740 | D:3      | Reached skill level 1 in Ice Magic
  1740 | D:3      | Reached skill level 1 in Air Magic
  1740 | D:3      | Reached skill level 1 in Earth Magic
  1740 | D:3      | Reached skill level 1 in Poison Magic
  2242 | D:4      | Noticed an ogre
  2247 | D:4      | Killed an ogre
  2248 | D:4      | Reached XP level 5. HP: 43/43 MP: 5/7
  2381 | D:4      | Reached XP level 6. HP: 49/50 MP: 8/8
  2687 | D:4      | Found a sand-covered staircase.
  2761 | Ossuary  | Entered an ossuary
  2796 | Ossuary  | Reached skill level 5 in Fighting
  2796 | Ossuary  | Reached skill level 5 in Dodging
  3843 | D:4      | Noticed Edmund
  3860 | D:4      | Reached XP level 7. HP: 47/56 MP: 10/10
  3916 | D:4      | Killed Edmund
  4360 | D:5      | Entered Level 5 of the Dungeon
  4419 | D:5      | Got Qaegiz's Disquisition on Displaced Cold
  4439 | D:5      | Found a large runed translucent door.
  4446 | D:5      | Found a large runed translucent door.
  4566 | D:5      | Reached skill level 9 in Crossbows
  4643 | D:5      | Found a staircase to the Ecumenical Temple.
  4652 | Temple   | Entered the Ecumenical Temple
  4917 | Temple   | Became a worshipper of Warmaster Okawaru
  4964 | D:5      | Found a basalt altar of Yredelemnul.
  5099 | D:5      | Found a burning altar of Makhleb.
  5248 | D:5      | Noticed Menkaure
  5253 | D:5      | Killed Menkaure
  5254 | D:5      | Reached XP level 8. HP: 61/63 MP: 12/12
  5347 | D:5      | Found a runed translucent door.
  5347 | D:5      | Noticed bande's ghost (novice GrFi)
  5347 | D:5      | Noticed a two-headed ogre
  5598 | D:5      | Found an ornate altar of the Wu Jian Council.
  5612 | D:5      | Found an opulent altar of Gozag.
  5774 | D:6      | Found a hazy altar of Hepliaklqana.
  5855 | D:6      | Noticed Sigmund
  5893 | D:6      | Reached * piety under Okawaru
  6078 | D:4      | Found a runed translucent door.
  6079 | D:4      | Noticed Crazy Yiuf
  6086 | D:4      | Killed Crazy Yiuf
  6639 | D:7      | Noticed a wyvern
  6643 | D:7      | Killed a wyvern
  6644 | D:7      | Reached XP level 9. HP: 69/69 MP: 14/14
  6703 | D:7      | Reached ** piety under Okawaru
  6978 | D:7      | Noticed Joseph
  6984 | D:7      | Killed Joseph
  7434 | D:8      | Reached skill level 5 in Stealth
  7435 | D:8      | Reached *** piety under Okawaru
  7436 | D:8      | Noticed a troll
  7930 | D:8      | Killed a troll
  7931 | D:8      | Reached skill level 5 in Invocations
  7996 | D:8      | Found a runed translucent gate.
  7998 | D:8      | Found a runed translucent gate.
  7999 | D:8      | Found a runed translucent gate.
  7999 | D:8      | Noticed an efreet
  7999 | D:8      | Noticed BeingJoeMalik's ghost (novice TeFi)
  8134 | D:8      | Identified the +2 leather armour of Valour {rF+}
  8789 | D:8      | Reached XP level 10. HP: 62/73 MP: 17/17
  9435 | D:9      | Reached skill level 5 in Short Blades
  9435 | D:9      | Reached skill level 5 in Long Blades
  9435 | D:9      | Reached skill level 5 in Axes
  9435 | D:9      | Reached skill level 5 in Maces & Flails
  9435 | D:9      | Reached skill level 5 in Polearms
  9435 | D:9      | Reached skill level 5 in Staves
  9435 | D:9      | Reached skill level 5 in Slings
  9435 | D:9      | Reached skill level 5 in Bows
  9435 | D:9      | Reached skill level 5 in Throwing
  9435 | D:9      | Reached skill level 5 in Armour
  9435 | D:9      | Reached skill level 5 in Shields
  9435 | D:9      | Reached skill level 5 in Unarmed Combat
  9435 | D:9      | Reached skill level 5 in Spellcasting
  9435 | D:9      | Reached skill level 5 in Evocations
  9566 | D:9      | Noticed a two-headed ogre
  9587 | D:9      | Killed a two-headed ogre
  9587 | D:9      | Reached **** piety under Okawaru
  9588 | D:9      | Reached skill level 10 in Crossbows
  9927 | D:9      | Found a radiant altar of Vehumet.
 10247 | D:9      | Found a shimmering altar of Xom.
 10625 | D:9      | Received a gift from Okawaru
 10777 | D:9      | Found a shadowy altar of Dithmenos.
 10794 | D:9      | Found a stormy altar of Qazlal.
 10823 | D:9      | Noticed Prince Ribbit
 10837 | D:9      | Killed Prince Ribbit
 11109 | D:10     | Entered Level 10 of the Dungeon
 11109 | D:10     | Found a white marble altar of Elyvilon.
 11128 | D:10     | Found a snail-covered altar of Cheibriados.
 11159 | D:10     | Found a staircase to the Lair.
 11207 | D:10     | Found a sacrificial altar of Ru.
 11344 | D:10     | Noticed a deep elf pyromancer
 11348 | D:10     | Killed a deep elf pyromancer
 11348 | D:10     | Received a gift from Okawaru
 11349 | D:10     | Reached XP level 11. HP: 84/84 MP: 19/19
 11795 | D:10     | Noticed Erolcha
 11816 | D:10     | Killed Erolcha
 11816 | D:10     | Received a gift from Okawaru
 11817 | D:10     | Reached skill level 5 in Conjurations
 11817 | D:10     | Reached skill level 5 in Hexes
 11817 | D:10     | Reached skill level 5 in Summonings
 11817 | D:10     | Reached skill level 5 in Necromancy
 11817 | D:10     | Reached skill level 5 in Translocations
 11817 | D:10     | Reached skill level 5 in Transmutations
 11817 | D:10     | Reached skill level 5 in Fire Magic
 11817 | D:10     | Reached skill level 5 in Ice Magic
 11817 | D:10     | Reached skill level 5 in Air Magic
 11817 | D:10     | Reached skill level 5 in Earth Magic
 11817 | D:10     | Reached skill level 5 in Poison Magic
 11851 | D:10     | Noticed Sonja
 11864 | D:10     | Killed Sonja
 11915 | D:10     | Reached ***** piety under Okawaru
 13103 | D:10     | Noticed a two-headed ogre
 13121 | D:10     | Mangled by a two-headed ogre

Illustrated notes

Levels and vault maps discovered:
D:1:      dpeg_arrival_stone_temple_mockup, layout_rooms
D:2:      layout_loops_ring
D:3:      layout_basic, nicolae_ashenzari_skybound,
          minmay_misc_feat_more_columns
D:4:      layout_loops_corners, nicolae_ossuary_entry_giza,
          kennysheep_generic_room_3, uniq_crazy_yiuf_cottage, uniq_edmund
D:5:      layout_loops_ring, jmf_multi_god_temple2,
          nicolae_overflow_hidden_temple, mainiacjoe_overflow_catwalk,
          minmay_temple_entry_statues_pillars, ebering_ghost_inner_flame,
          serial_undead, serial_undead_f, serial_undead_b, serial_undead_a,
          serial_undead_d, chequers_serial_rivers_micro_d, uniq_menkaure
D:6:      layout_basic, mainiacjoe_overflow_small_starburst, st_stairs_1,
          uniq_grinder, uniq_sigmund
D:7:      layout_basic, uniq_joseph
D:8:      minmay_opposing_rooms, layout_loops_ring, gammafunk_ghost_split
D:9:      minmay_skewed_foursquare, layout_small_grid, vehumet_altar_wand_db,
          mainiacjoe_overflow_alcove_2,
          chequers_temple_overflow_statue_of_worship, uniq_prince_ribbit1
D:10:     layout_roguey [special_room_orc], slow_altar_1,
          mainiacjoe_overflow_alcove_1, nicolae_ru_sacrificial_ziggurat,
          david_lair_shrubbed, serial_bayou, serial_bayou_crossing,
          serial_bayou_lagoon_b, serial_bayou_pond_c, serial_bayou_shore_a,
          minivault_25_ag, uniq_sonja, uniq_erolcha
Temple:   jpeg_temple_island

Skill      XL: |  1  2  3  4  5  6  7  8  9 10 11 |
---------------+----------------------------------+-----
Invocations    | 1 2 3 4 5 6 |  6.8
Short Blades   | 1 2 3 4 5 6 |  6.2
Long Blades    | 1 2 3 4 5 6 |  6.2
Axes           | 1 2 3 4 5 6 |  6.2
Maces & Flails | 1 2 3 4 5 6 |  6.2
Polearms       | 1 2 3 4 5 6 |  6.2
Staves         | 1 2 3 4 5 6 |  6.2
Slings         | 1 2 3 4 5 6 |  6.2
Bows           | 1 2 3 4 5 6 |  6.2
Throwing       | 1 2 3 4 5 6 |  6.2
Armour         | 1 2 3 4 5 6 |  6.2
Shields        | 1 2 3 4 5 6 |  6.2
Unarmed Combat | 1 2 3 4 5 6 |  6.2
Spellcasting   | 1 2 3 4 5 6 |  6.2
Evocations     | 1 2 3 4 5 6 |  6.2
Conjurations   | 1 2 3 4 5 |  5.1
Hexes          | 1 2 3 4 5 |  5.1
Summonings     | 1 2 3 4 5 |  5.1
Necromancy     | 1 2 3 4 5 |  5.1
Translocations | 1 2 3 4 5 |  5.1
Transmutations | 1 2 3 4 5 |  5.1
Fire Magic     | 1 2 3 4 5 |  5.1
Ice Magic      | 1 2 3 4 5 |  5.1
Air Magic      | 1 2 3 4 5 |  5.1
Earth Magic    | 1 2 3 4 5 |  5.1
Poison Magic   | 1 2 3 4 5 |  5.1
Stealth        | 3 4 5 6 |  6.6
Fighting       | 5 6 7 |  7.8
Dodging        | 5 6 7 |  7.8
Crossbows      | 9 10 | 10.5

Action                   |  1- 3 |  4- 6 |  7- 9 | 10-12 || total
-------------------------+-------+-------+-------+-------++-------
Melee: Short sword       |    95 |   203 |   203 |       ||   501
       Bite              |    10 |    19 |    35 |    14 ||    78
       Punch             |     1 |     1 |     2 |     5 ||     9
       Mace              |       |       |     5 |       ||     5
       Hand axe          |       |       |    30 |   145 ||   175
       Scimitar          |       |       |       |    16 ||    16
 Fire: Hand crossbow     |    17 |    26 |    29 |       ||    72
       Hunting sling     |       |       |    53 |   139 ||   192
Throw: Stone             |       |    11 |       |       ||    11
       Dart              |       |       |    11 |    18 ||    29
Invok: Heroism           |       |       |     1 |     1 ||     2
Evoke: Wand              |       |       |     4 |    12 ||    16
  Use: Scroll            |       |     5 |     2 |    11 ||    18
       Potion            |       |       |     2 |     2 ||     4
 Stab: Sleeping          |       |     1 |     1 |       ||     2
       Distracted        |       |       |       |     1 ||     1
Armor: Ring mail         |    21 |    60 |   114 |    67 ||   262
       Leather armour    |    10 |       |       |       ||    10
Dodge: Dodged            |    62 |   100 |   215 |   152 ||   529
Block: Other             |       |       |    27 |    35 ||    62
       Reflection        |       |       |     3 |       ||     3

Table legend: (Time is in decaauts)
 A = Elapsed time spent in this place.
 B = Non-inter-level travel time spent in this place.
 C = Inter-level travel time spent in this place.
 D = Time resting spent in this place.
 E = Time spent auto-exploring this place.
 F = Levels seen in this place.
 G = Mean time per level.
                   A        B        C        D        E       F      G
               +--------+--------+--------+--------+--------+-----+--------+
         Total |  13176 |  12643 |    533 |   2110 |   7989 |  12 | 1098.0 |
       Dungeon |  12352 |  11857 |    495 |   2098 |   7356 |  10 | 1235.2 |
        Temple |    333 |    295 |     38 |      0 |    272 |   1 |  333.0 |
       Ossuary |    491 |    491 |      0 |     12 |    361 |   1 |  491.0 |
               +--------+--------+--------+--------+--------+-----+--------+

Top non-repeatable levels by time:
     D:4: 1937 daAuts
     D:8: 1844 daAuts
    D:10: 1751 daAuts
     D:7: 1580 daAuts
     D:9: 1549 daAuts
     D:5: 1246 daAuts
     D:2: 807 daAuts
     D:3: 693 daAuts
     D:1: 633 daAuts
 Ossuary: 491 daAuts
  Temple: 333 daAuts
     D:6: 308 daAuts
